Map: Thunderbird LE

Players

Truman - Winner!

  • Race: Zerg Zerg
  • League: Platinum
  • Spawn Location: 11:00

Woah

  • Race: Terran Terran
  • Spawn Location: 5:00

VOD

Have the link to the VOD?

Description

Time

  • Played on: June 12, 2019, 1:47 a.m.
  • Length: 26:20
Show
View Real Time Build Order
Export as new Build Order

Truman Zerg - Winner!

Build Orders: Hatch First 

Get SALT Encoding   

  12  0:01  Drone  
  13  0:18  Overlord  
  13  0:19  Drone  
  14  0:36  Drone x2  
  14  0:42  Drone  
  17  0:55  Hatchery  
  17  0:56  Drone  
  17  1:01  Drone  
  18  1:10  Extractor  
  17  1:15  Spawning Pool  
  17  1:18  Drone  
  17  1:23  Drone  
  18  1:33  Drone  
  19  1:44  Overlord  
  19  1:56  Drone  
  20  2:03  Queen  
  20  2:07  Queen  
  24  2:09  Zergling x2  
  24  2:10  Zergling x2  
  26  2:20  Drone x2  
  28  2:33  Drone x2  
  28  2:57  Queen  
  30  2:59  Hatchery  
  30  3:01  Drone x3  
  30  3:02  Drone x3  
  35  3:20  Drone  
  35  3:26  Roach Warren  
  35  3:29  Evolution Chamber  
  34  3:35  Drone x2  
  34  3:37  Overlord  
  34  3:38  Overlord x2  
  35  4:00  Drone x6  
  40  4:06  Zerg Missile Weapons Level 1  
  40  4:07  Lair  
  40  4:15  Overlord  
  40  4:20  Drone  
  40  4:21  Drone x6  
  47  4:27  Extractor  
  47  4:28  Extractor  
  45  4:37  Spore Crawler  
  44  4:39  Spore Crawler  
  44  4:43  Drone x2  
  45  4:47  Roach x2  
  45  4:48  Roach x4  
  57  5:20  Drone x3  
  60  5:21  Drone  
  60  5:22  Zergling x2  
  60  5:26  Zergling x2  
  63  5:30  Overlord  
  63  5:31  Overlord x2  
  63  5:37  Spore Crawler  
  63  5:41  Spore Crawler  
  63  5:42  Drone  
  62  5:52  Glial Reconstitution  
  62  5:57  Spire  
  62  6:01  Spore Crawler  
  60  6:04  Overlord x2  
  60  6:07  Drone x14  
  60  6:11  Hatchery  
  73  6:20  Drone x5  
  73  6:21  Overlord x2  
  76  6:32  Roach  
  84  6:33  Roach x3  
  84  6:51  Hatchery  
  83  7:00  Roach x8  
  98  7:16  Mutalisk x2, Extractor x2  
  98  7:22  Queen  
  100  7:29  Overseer  
  102  7:46  Nydus Network  
  102  7:49  Drone x2  
  102  7:50  Drone  
  104  7:52  Spine Crawler  
  104  7:53  Spine Crawler  
  104  7:57  Mutalisk  
  104  7:58  Mutalisk x5  
  114  8:15  Spore Crawler  
  114  8:18  Drone x5  
  114  8:19  Spore Crawler, Spine Crawler  
  116  8:24  Nydus Canal  
  115  8:38  Nydus Canal  
  117  8:41  Roach  
  117  8:42  Roach x5  
  117  8:44  Overlord x2  
  125  9:20  Mutalisk x4  
  131  9:26  Roach x2  
  131  9:27  Roach  
  131  9:29  Nydus Canal  
  137  9:33  Extractor, Drone  
  137  9:34  Extractor  
  136  9:40  Nydus Canal  
  136  9:46  Zergling x12  
  130  10:18  Roach x7  
  102  10:53  Mutalisk x5  
  110  11:10  Zergling x2  
  110  11:11  Zergling x10  
  96  11:44  Mutalisk  
  96  11:45  Mutalisk x3  
  104  11:51  Evolution Chamber  
  104  11:53  Evolution Chamber  
  102  11:54  Drone x5  
  107  12:08  Roach x3  
  109  12:09  Roach x2  
  112  12:30  Zerg Ground Armor Level 1  
  112  12:32  Zerg Missile Weapons Level 2, Zerg Melee Weapons Level 1  
  112  12:37  Zergling x2  
  112  12:38  Zergling x10  
  117  12:48  Infestation Pit  
  117  12:49  Mutalisk x2  
  120  13:09  Drone x2  
  120  13:10  Drone x4  
  126  13:17  Hatchery  
  84  14:01  Roach  
  84  14:02  Roach x14  
  118  14:03  Roach x5  
  122  14:11  Metabolic Boost  
  122  14:16  Hive  
  122  14:21  Mutalisk  
  122  14:22  Mutalisk x6  
  136  14:43  Nydus Canal  
  136  14:53  Roach  
  126  15:09  Roach  
  126  15:10  Roach x4  
  126  15:13  Overlord x4  
  106  15:48  Roach  
  106  15:49  Roach x6  
  72  16:17  Hatchery  
  48  16:34  Hatchery  
  47  17:02  Hatchery  
  47  17:03  Ravager  
  47  17:07  Ravager  
  51  17:08  Ravager x4  
  51  17:09  Ravager x3  
  55  17:21  Nydus Canal  
  52  17:33  Hatchery  
  52  17:35  Nydus Canal  
  51  18:00  Roach x2  
  51  18:01  Roach x3  
  61  18:09  Roach  
  61  18:10  Roach x4  
  71  18:23  Nydus Canal  
  71  18:32  Zergling x2  
  71  18:33  Zergling x10  
  39  19:34  Roach x9  
  57  19:52  Nydus Canal  
  56  20:08  Nydus Canal  
  56  20:09  Roach  
  56  20:10  Roach x3  
  60  20:26  Zergling x2  
  60  20:27  Zergling x14  
  62  20:31  Drone x3  
  62  20:32  Queen  
  59  21:01  Extractor x2  
  57  21:09  Zergling x10  
  57  21:10  Zergling x28  
  76  21:32  Drone  
  77  21:33  Drone x2  
  79  21:41  Queen  
  79  21:42  Queen  
  83  21:52  Hatchery  
  73  22:16  Nydus Canal  
  73  22:33  Zergling x10  
  73  22:34  Zergling x20  
  79  22:53  Drone x6  
  85  23:05  Ravager x2  
  85  23:13  Drone x9  
  94  23:24  Ravager  
  66  24:00  Ravager x3  
  69  24:05  Roach x6  
  81  24:25  Zergling x2  
  81  24:26  Zergling x24  
  94  24:52  Drone  
  95  24:53  Drone x2  
  93  25:08  Hatchery  
Show
View Real Time Build Order
Export as new Build Order

Woah Terran 

Build Orders: Reaper Expand 

Get SALT Encoding   

  12  0:01  SCV  
  13  0:13  SCV  
  14  0:17  Supply Depot  
  14  0:25  SCV  
  15  0:39  SCV  
  15  0:40  Barracks  
  16  0:46  Refinery  
  16  0:51  SCV  
  17  1:03  SCV  
  18  1:15  SCV  
  19  1:29  Orbital Command  
  19  1:31  Reaper  
  20  1:42  Command Center  
  20  1:52  Barracks  
  20  1:55  SCV  
  21  2:04  Barracks Reactor  
  21  2:07  Supply Depot  
  21  2:09  SCV  
  22  2:16  Refinery  
  22  2:28  SCV  
  22  2:29  Factory  
  23  2:40  SCV  
  23  2:43  Marine  
  26  2:48  Barracks Tech Lab  
  25  2:56  Orbital Command  
  25  3:11  Stimpack  
  25  3:13  SCV  
  25  3:22  Marine x2  
  25  3:24  Marine  
  25  3:25  SCV  
  25  3:26  Starport  
  28  3:45  Marine x2  
  30  3:54  Supply Depot  
  30  3:58  SCV x2  
  30  4:01  Factory Reactor  
  32  4:09  Marine x3  
  35  4:10  SCV x2, Supply Depot x2  
  37  4:24  SCV x2  
  37  4:27  Marine x3  
  42  4:36  SCV  
  43  4:41  SCV  
  43  4:44  Medivac x2, Marine x2  
  50  4:51  Engineering Bay  
  50  4:53  Engineering Bay  
  50  4:54  SCV x2  
  50  4:57  Supply Depot, Marine  
  50  4:59  Supply Depot  
  53  5:02  Marine x2  
  53  5:05  Factory Reactor  
  53  5:06  SCV x2  
  57  5:17  Command Center  
  57  5:26  SCV  
  58  5:34  Marine  
  58  5:35  Marine x2  
  61  5:39  Barracks  
  61  5:42  Barracks x2  
  61  5:53  Marine x2  
  63  5:59  Terran Infantry Weapons Level 1, Terran Infantry Armor Level 1  
  63  6:01  Refinery  
  63  6:02  Refinery  
  63  6:05  Supply Depot  
  63  6:14  Marine x3  
  70  6:32  Marine x2  
  68  6:37  SCV  
  62  6:46  Barracks Tech Lab  
  62  6:47  Barracks Tech Lab, Barracks Reactor  
  62  6:51  Orbital Command  
  62  6:58  Bunker  
  62  6:59  SCV x2  
  64  7:06  Orbital Command  
  64  7:11  SCV, Barracks  
  64  7:12  Armory, SCV  
  64  7:13  Barracks  
  66  7:23  SCV  
  66  7:26  Siege Tank  
  66  7:28  Command Center  
  70  7:32  Bunker  
  70  7:41  Marine  
  70  7:42  Marauder x2, Marine x3  
  78  7:45  SCV x2  
  78  7:47  SCV  
  81  7:57  SCV x2  
  83  8:09  Siege Tank  
  86  8:15  Viking, Medivac  
  90  8:24  Missile Turret x2  
  90  8:30  Refinery  
  90  8:33  Refinery  
  86  9:21  Missile Turret  
  86  9:22  Missile Turret  
  84  9:47  Sensor Tower  
  84  9:52  Missile Turret, Command Center  
  84  9:53  Missile Turret  
  82  10:00  Barracks Reactor  
  82  10:03  Terran Infantry Weapons Level 2, Terran Infantry Armor Level 2  
  82  10:06  Barracks Reactor  
  64  10:35  Marine x5  
  57  10:36  Marine x3  
  56  10:53  Marine x8  
  64  11:11  Marine x8  
  69  11:22  Orbital Command  
  68  11:28  Marine  
  68  11:29  Marine x6  
  74  11:53  Siege Tank  
  77  11:58  SCV x3  
  80  12:10  SCV x3  
  83  12:16  Medivac x2  
  83  12:17  Missile Turret  
  83  12:21  Missile Turret  
  83  12:22  SCV x3  
  84  12:34  SCV x3  
  79  12:41  Marauder x2, Marine x6  
  79  12:42  Command Center  
  79  12:43  Command Center  
  79  12:44  Thor  
  85  12:46  SCV x3, Medivac  
  85  12:49  Supply Depot x2  
  96  12:58  Marine  
  96  12:59  Marine x5  
  96  13:02  Marauder, Marine  
  105  13:05  Starport  
  105  13:07  Starport  
  105  13:11  Missile Turret  
  105  13:12  Missile Turret  
  105  13:15  Barracks x2  
  105  13:16  Marine x2, Barracks  
  105  13:17  Supply Depot, Refinery, Marine x2  
  87  14:02  Starport Reactor, Starport Tech Lab  
  85  14:03  Fusion Core  
  87  14:17  Marauder x2, Marine x3  
  87  14:18  Marine x3  
  87  14:23  SCV  
  96  14:35  Marine x6  
  96  14:38  Marine x2  
  103  14:53  Marine x3  
  106  15:06  Marauder, Marine x2  
  104  15:23  Marine  
  100  15:49  Planetary Fortress  
  70  16:20  SCV  
  70  16:21  SCV  
  70  16:22  Marine x5  
  67  16:33  SCV  
  66  16:43  SCV  
  66  16:45  SCV  
  61  16:56  Marine  
  58  17:26  Marine x5  
  47  18:05  Marine  
  47  18:06  Marauder x2, Marine  
  47  18:09  Marine  
  49  18:24  Marine x2  
  48  18:27  Marauder x2  
  48  18:48  Marauder  
  48  18:49  Marauder  
  48  18:53  Marine  
  48  18:54  Marine  
  55  19:10  Marauder  
  43  19:25  Marauder, Marine  
  38  19:50  Marine  
  38  20:04  Marine  
  33  20:28  Marine  
  33  20:29  Marine x5  
  29  21:47  Factory Tech Lab  
  29  21:50  Bunker, Marine  
  29  21:51  Marine x2  
  32  22:08  Marine  
  32  22:09  Marine x2  
  35  22:16  Marine  
  37  22:26  Siege Tank, Marine x2  
  37  22:27  Marine  
  37  22:29  Starport  
  43  22:31  Supply Depot  
  43  22:32  Supply Depot  
  42  22:40  Barracks Tech Lab  
  40  22:57  Barracks Tech Lab  
  31  23:08  Marine  
  31  23:09  Marauder  
  36  23:15  Barracks Reactor  
  36  23:17  Barracks Reactor  
  36  23:19  Starport Reactor  
  34  23:25  Marine  
  37  23:30  SCV  
  32  23:43  Marine  
  30  23:54  Marine  
  24  24:20  Siege Tank  
  25  25:44  Barracks  
  25  25:46  Barracks  
  25  25:48  Barracks  
  21  25:52  Barracks  
  19  25:58  Barracks  
Tags
 
League
Platinum
Matchup
TvZ
Replay Pack
r1
Spawn Locations
Cross Positions
Add a new tag
Caveats
  • Supply blocks, unpowered buildings, or Contaminate may cause inaccurate times.
  • Supply counts are checked every 10 seconds.